 Dungeon Crawl Stone Soup version 0.25.1-2-g60ff931df9 (webtiles) character file.

Game seed: 14089718043840038229

4555 Johnny the Frost Mage (level 9, -5/49 HPs)
             Began as a Demigod Ice Elementalist on Aug 29, 2020.
             Collided with a crystal wall (20 damage)
             ... caused by a wretched star
             ... on level 2 of the Abyss.
             The game lasted 00:15:01 (11826 turns).

Johnny the Frost Mage (Demigod Ice Elementalist)   Turns: 11826, Time: 00:15:02

Health: -5/49      AC:  6    Str:  7    XL:     9   Next: 97%
Magic:  22/22      EV: 12    Int: 31    God:
Gold:   643        SH:  0    Dex: 16    Spells: 13/21 levels left

rFire    + . .     SeeInvis .   D - +9 sword of Zonguldrok {reap}
rCold    + . .     Gourm    .   (no shield)
rNeg     . . .     Faith    .   I - +0 robe {rC+ rF+}
rPois    +         Spirit   .   s - +0 helmet
rElec    .         Reflect  .   G - +0 cloak
rCorr    .         Harm     .   t - +0 pair of gloves
MR       .....     Rnd*Tele +   a - +0 pair of boots (curse)
Stlth    ++........             (no amulet)
HPRegen  0.16/turn              h - ring of poison resistance
MPRegen  0.18/turn              f - +6 ring of intelligence

@: about to teleport, hasted, very quick
A: [blurry vision 2], [frail 2], high mp 1, [teleportitis 2], [weak 2]
a: no special abilities


You were on level 2 of the Abyss.
You were not hungry.

You visited 1 branch of the dungeon, and saw 9 of its levels.
You visited the Abyss 1 time.
You also visited: Ossuary.

You collected 739 gold pieces.
You spent 96 gold pieces at shops.

Inventory:

Hand Weapons
 m - a +5 short sword of venom
 D - the +9 sword of Zonguldrok (weapon) {reap}
   (You found it on level 8 of the Dungeon)

   If a monster killed with it leaves a corpse in good enough shape, the corpse
   will be animated as a zombie friendly to the killer.
Armour
 a - a cursed +0 pair of boots (worn)
 b - a -2 kite shield
 s - a +0 helmet (worn)
 t - a +0 pair of gloves (worn)
 G - a +0 cloak (worn)
 I - a +0 robe of resistance (worn)
Jewellery
 f - a +6 ring of intelligence (right hand)
 h - a ring of poison resistance (left hand)
 o - an uncursed ring of positive energy
 z - an uncursed ring of protection from fire
 F - a +6 ring of strength
Wands
 r - a wand of polymorph (3)
 u - a wand of flame (21)
 y - a wand of enslavement (2)
Scrolls
 d - 2 scrolls of fear
 j - 5 scrolls of teleportation
 k - 3 scrolls of amnesia
 n - 2 scrolls of enchant armour
 p - 5 scrolls of remove curse
 C - a scroll of magic mapping
 E - 2 scrolls of blinking {unknown}
 H - a scroll of torment {unknown}
 J - a scroll of enchant weapon
Potions
 e - 4 potions of might
 g - 4 potions of degeneration
 i - a potion of heal wounds
 l - a potion of haste
 q - 3 potions of cancellation
 v - 2 potions of brilliance
 w - 4 potions of stabbing {unknown}
 x - 4 potions of flight
 A - 3 potions of curing
 B - a potion of magic {unknown}
Comestibles
 c - 10 rations


   Skills:
 - Level 1.7 Dodging
 - Level 1.7 Stealth
 + Level 6.4 Shields
 + Level 6.5 Spellcasting
 * Level 10.4 Ice Magic


You had 13 spell levels left.
You knew the following spells:

 Your Spells              Type           Power        Failure   Level  Hunger
a - Freeze                Ice            ####         1%          1    None
b - Frozen Ramparts       Ice            ######       1%          3    None
e - Summon Ice Beast      Ice/Summ       #####...     5%          4    ##.....

Your spell library contained the following spells:

 Spells                   Type           Power        Failure   Level  Hunger
 Ozocubu's Armour         Chrm/Ice       #####...     1%          3    None
 Summon Small Mammal      Summ           ##..         4%          1    None
 Hailstorm                Conj/Ice       #####...     5%          4    ##.....
 Call Imp                 Summ           ##......     7%          2    None
 Call Canine Familiar     Summ           ##......     14%         3    None
 Confusing Touch          Hex            ##......     14%         3    None
 Gell's Gravitas          Tloc           ##........   14%         3    None
 Summon Guardian Golem    Hex/Summ       ##......     14%         3    None
 Metabolic Englaciation   Hex/Ice        #####.....   16%         5    ####...
 Petrify                  Tmut/Erth      ##......     43%         4    ##.....
 Summon Lightning Spire   Summ/Air       ##......     43%         4    ##.....
 Yara's Violent Unravell  Hex/Tmut       ##........   78%         5    ####...


Dungeon Overview and Level Annotations

Branches:
Dungeon (9/15)             Temple (0/1) D:6         Ossuary (visited)
   Lair: D:8-11         Orc: D:9-12

Shops:
D:7 *

Annotations:
D:9 Erolcha


Innate Abilities, Weirdness & Mutations

You have an increased reservoir of magic. (+10% MP)
[Scrolls take you longer to read.]
[You are very frail. (-20% HP)]
[You are sometimes teleported next to monsters.]
[You are very weak. (Str -4)]


Message History

Unknown command.
Okay, then.
Unknown command.
Really read with blurry vision while enemies are nearby?
You begin reading the scroll.
You continue reading the scroll.
The wretched star pulses with an eldritch light!
You feel weaker. x2
As you read the scroll of fear, it crumbles to dust.
You assume a fearsome visage.
The frost giant zombie is unaffected.
The red very ugly thing looks frightened!
The wretched star is unaffected.
Unknown command.
Unknown command.
Unknown command.
You barely miss the wretched star.
The wretched star glows turbulently.
The lance of force hits you!!
You are knocked back by the lance of force.
You slam into the crystal wall!
You die...

#. #. .*%
##.#
#.###..#
##
#..####..#
# #.#
.≈≈≈.#
#......≈#
#####..#.#
####.##
#@*Z.#
####u#
#...#
##u## #.
#.# #.#
#.######
#.


You could see a red very ugly thing (fleeing), a wretched star and a frost giant
zombie.

Vanquished Creatures
  Erica (D:8)
  Maurice (D:8)
  A slime creature (D:7)
  Sigmund (D:3)
  A naga (D:7)
  Duvessa (D:5)
  An ogre (D:4)
  2 sky beasts
  A phantom (D:7)
  An ice beast (D:5)
  A centaur (D:6)
  A big kobold (D:8)
  5 bullfrogs
  Dowan (D:5)
  2 scorpions
  A wight (D:6)
  4 electric eels (D:7)
  5 crimson imps
  A centaur zombie (D:8)
  A quasit (D:5)
  12 jellies
  2 hounds
  4 orc priests
  4 orc wizards
  Jessica (D:2)
  A centaur skeleton (D:6)
  2 iguanas
  2 worker ants
  Natasha (thrice) (D:3)
  2 big kobold zombies (Ossuary)
  A centaur simulacrum (D:9)
  A hound skeleton (D:6)
  2 mummies (Ossuary)
  Robin (D:3)
  3 gnolls (D:8)
  8 adders
  A shadow imp (D:6)
  12 oozes
  An adder zombie (D:9)
  4 adder skeletons
  2 worms (D:2)
  3 dart slugs
  3 leopard geckos
  14 orcs
  4 giant cockroaches
  A gnoll zombie (Ossuary)
  16 hobgoblins
  12 kobolds
  4 quokkas
  4 bats
  3 frilled lizards
  13 goblins
  3 goblin zombies (Ossuary)
  5 hobgoblin zombies (Ossuary)
  3 orc zombies (Ossuary)
  15 rats
205 creatures vanquished.

Vanquished Creatures (collateral kills)
  A water moccasin (D:9)
  An ice beast (D:9)
  A hornet zombie (D:8)
  A wolf (D:9)
  A wight (D:6)
  An electric eel (D:9)
  An iguana (D:7)
  A worker ant (D:9)
  A hound skeleton (D:9)
  An orc (D:6)
10 creatures vanquished.

Vanquished Creatures (others)
  A wight (D:6)
  An adder (D:7)
  A bush (D:1)
  4 fungi (D:7)
  A plant (D:1)
8 creatures vanquished.

Grand Total: 223 creatures vanquished

Notes
Turn   | Place    | Note
-------+----------+-------------------------------------------
     0 | D:1      | Johnny the Demigod Ice Elementalist began the quest for the
                  | Orb.
     0 | D:1      | Reached XP level 1. HP: 14/14 MP: 5/5
   353 | D:1      | Reached XP level 2. HP: 15/20 MP: 4/7
   468 | D:1      | Reached skill level 4 in Ice Magic
  1565 | D:2      | Reached XP level 3. HP: 22/26 MP: 7/9
  1606 | D:2      | Learned a level 3 spell: Frozen Ramparts
  2799 | D:2      | Noticed Jessica
  2804 | D:2      | Killed Jessica
  2804 | D:2      | Reached XP level 4. HP: 29/33 MP: 8/10
  3376 | D:3      | Reached skill level 5 in Ice Magic
  3680 | D:3      | Noticed Natasha
  3692 | D:3      | Killed Natasha
  3743 | D:3      | Noticed Natasha
  3762 | D:3      | Killed Natasha
  3762 | D:3      | Reached skill level 1 in Shields
  3762 | D:3      | Reached XP level 5. HP: 22/38 MP: 7/12
  4024 | D:3      | Noticed Robin
  4048 | D:3      | Killed Robin
  4050 | D:3      | Noticed Natasha
  4058 | D:3      | Killed Natasha
  4183 | D:3      | Found a bloodstained altar of Trog.
  4337 | D:3      | Noticed Sigmund
  4349 | D:3      | Killed Sigmund
  4349 | D:3      | Reached skill level 6 in Ice Magic
  4349 | D:3      | Reached XP level 6. HP: 15/45 MP: 5/14
  5285 | D:4      | Learned a level 4 spell: Summon Ice Beast
  5937 | D:4      | Reached XP level 7. HP: 50/50 MP: 9/16
  6053 | D:5      | Entered Level 5 of the Dungeon
  6498 | D:5      | Reached skill level 7 in Ice Magic
  6593 | D:5      | Noticed Duvessa
  6593 | D:5      | Noticed Dowan
  6607 | D:5      | Killed Duvessa
  6615 | D:5      | Killed Dowan
  7460 | D:6      | Reached XP level 8. HP: 49/57 MP: 13/18
  7693 | D:6      | Reached skill level 8 in Ice Magic
  7755 | D:6      | Found a staircase to the Ecumenical Temple.
  8188 | D:6      | Reached skill level 5 in Spellcasting
  8484 | D:7      | Found a sand-covered staircase.
  8492 | D:7      | Found Teog's General Store.
  8499 | Ossuary  | Entered an ossuary
  8658 | D:7      | Bought a potion of cancellation for 96 gold pieces
  8695 | D:7      | Noticed Joseph
  8703 | D:7      | Noticed Joseph
  8703 | D:7      | Joseph changed into Joseph the naga
  8723 | D:7      | Killed Joseph the naga
  8934 | D:7      | Noticed a slime creature
  8941 | D:7      | Reached skill level 5 in Shields
  8950 | D:7      | Killed a slime creature
  8950 | D:7      | Reached skill level 9 in Ice Magic
  8950 | D:7      | Reached XP level 9. HP: 37/62 MP: 11/21
 10221 | D:8      | Noticed Erica
 10231 | D:8      | Killed Erica
 10231 | D:8      | Reached skill level 10 in Ice Magic
 10479 | D:8      | Noticed Maurice
 10488 | D:8      | Killed Maurice
 11057 | D:8      | Found the +9 sword of Zonguldrok {reap}
 11139 | D:8      | Found a sacrificial altar of Ru.
 11604 | D:9      | Noticed Erolcha
 11607 | D:9      | Cast into level 2 of the Abyss (Erolcha)
 11639 | Abyss:2  | Noticed a smoke demon
 11645 | Abyss:2  | Noticed a tentacled starspawn
 11645 | Abyss:2  | Noticed a wretched star
 11798 | Abyss:2  | Noticed a large abomination
 11808 | Abyss:2  | Noticed a wretched star
 11813 | Abyss:2  | Noticed a red very ugly thing
 11826 | Abyss:2  | Collided with a crystal wall

Illustrated notes

Levels and vault maps discovered:
D:1:      dpeg_arrival_lava_temple_mockup, layout_rooms, serial_forest,
          infiniplex_forest_side_room, infiniplex_forest_straight_2,
          infiniplex_forest_end_2, infiniplex_forest_lined_corner,
          infiniplex_forest_lined_corner
D:2:      layout_basic, uniq_jessica
D:3:      layout_basic, trog_book, uniq_sigmund, uniq_robin, uniq_natasha
D:4:      layout_basic, first_ration, nrook_uturn
D:5:      layout_gridville, glass_columns_b, hangedman_decor_riveting,
          uniq_duvessa
D:6:      layout_loops_ring, minmay_temple_entry_water_ring, hex_medium
D:7:      lemuel_slime, layout_rooms, serial_bayou, serial_bayou_lagoon_a,
          serial_bayou_shore_a, serial_bayou_shore_b, serial_bayou_shore_b,
          enter_ossuary_1, serial_shops, shop, uniq_joseph
D:8:      layout_loops_ring, lemuel_coloured_pillars_altar, uniq_erica,
          uniq_maurice
D:9:      layout_irregular_city, serial_ice, serial_ice_j, serial_ice_e,
          serial_ice_m, serial_ice_f, hangedman_pestilent_swarm,
          fungi_pond_lemuel, nrook_loot_triangle, eino_tiny_chamber,
          minmay_microvault, uniq_erolcha
Abyss:2:  base: D:6, evilmike_abyss_exit_13

Skill      XL: |  1  2  3  4  5  6  7  8  9 |
---------------+----------------------------+-----
Spellcasting   | 2 3 4 5 6 |  6.5
Ice Magic      | 4 5 6 7 9 10 | 10.4
Shields        | 1 2 3 5 6 |  6.4
Dodging        | |  1.7
Stealth        | |  1.7

Action                   |  1- 3 |  4- 6 |  7- 9 || total
-------------------------+-------+-------+-------++-------
Melee: Unarmed           |    42 |       |       ||    42
       Mace              |   180 |       |       ||   180
       Short sword       |     3 |    68 |   191 ||   262
       Double sword      |       |       |    21 ||    21
 Cast: Freeze            |    46 |    31 |    34 ||   111
       Frozen Ramparts   |       |    12 |    19 ||    31
       Summon Ice Beast  |       |       |    13 ||    13
Evoke: Wand              |       |     1 |    55 ||    56
  Use: Scroll            |       |     8 |    11 ||    19
       Potion            |       |       |     3 ||     3
 Stab: Sleeping          |     3 |     1 |     4 ||     8
       Distracted        |       |       |     1 ||     1
  Eat: Chunk             |     5 |    12 |    13 ||    30
       Ration            |       |       |     2 ||     2
Armor: Robe              |     6 |       |    13 ||    19
       Leather armour    |    11 |    26 |    19 ||    56
       Ring mail         |       |       |    83 ||    83
Dodge: Dodged            |    87 |    58 |   136 ||   281
Block: Kite shield       |       |       |     1 ||     1
       Rpst.: Double sword |       |       |     7 ||     7
